Map: Malwarfare

Players

monk

  • Race: Protoss Protoss
  • Spawn Location: 7:00

Requiem

  • Race: Terran Terran
  • Spawn Location: 7:00

VOD

Have the link to the VOD?

Description

Time

  • Played on: Oct. 19, 2017, 1:25 a.m.
  • Length: 23:37
Show
View Real Time Build Order
Export as new Build Order

monk Protoss 

Build Orders:  

Get SALT Encoding   

  12  0:02  Probe (Chrono Boost)  
  13  0:16  Probe (Chrono Boost)  
  14  0:20  Dark Pylon  
  14  0:30  Probe (Chrono Boost)  
  14  0:33  Assimilator  
  15  0:43  Assimilator  
  15  0:44  Probe (Chrono Boost)  
  16  0:58  Probe (Chrono Boost)  
  17  1:03  Assimilator  
  17  1:12  Probe (Chrono Boost)  
  18  1:26  Dark Pylon, Probe (Chrono Boost)  
  19  1:33  Assimilator  
  19  1:39  Probe (Chrono Boost)  
  19  1:45  Gateway  
  20  1:53  Probe (Chrono Boost)  
  20  1:57  Forge  
  21  2:07  Probe (Chrono Boost)  
  22  2:21  Probe (Chrono Boost)  
  23  2:35  Probe (Chrono Boost)  
  24  2:42  Protoss Ground Weapons Level 1  
  24  2:49  Probe (Chrono Boost)  
  25  2:51  Cybernetics Core  
  25  3:03  Probe (Chrono Boost)  
  26  3:17  Probe (Chrono Boost)  
  27  3:29  Nexus  
  27  3:30  Probe (Chrono Boost)  
  28  3:42  Death Council  
  28  3:44  Probe (Chrono Boost)  
  29  3:55  Pylon  
  29  3:58  Probe (Chrono Boost)  
  30  4:12  Probe (Chrono Boost)  
  31  4:26  Probe (Chrono Boost)  
  32  4:31  Gateway  
  32  4:36  Dark Shrine  
  32  4:40  Probe (Chrono Boost)  
  32  4:49  Gateway  
  33  4:54  Probe (Chrono Boost)  
  34  5:08  Probe (Chrono Boost)  
  35  5:10  Shadow Fury (Chrono Boost)  
  35  5:12  Probe (Chrono Boost)  
  36  5:20  Probe (Chrono Boost)  
  36  5:27  Probe (Chrono Boost)  
  38  5:33  Probe  
  38  5:35  Gateway  
  38  5:38  Warp Gate  
  39  5:40  Gateway  
  39  5:52  Probe  
  39  5:54  Dark Templar x2  
  44  6:10  Pylon  
  44  6:18  Dark Templar  
  46  6:37  Protoss Ground Weapons Level 2 (Chrono Boost)  
  46  6:39  Dark Templar  
  48  6:40  Dark Templar  
  48  6:48  Gateway  
  50  6:51  Gateway  
  50  6:55  Gateway  
  50  7:05  Pylon  
  50  7:11  Pylon  
  50  7:14  Pylon  
  50  7:16  Dark Templar  
  52  7:30  Dark Templar Blink  
  52  7:36  Dark Templar x2  
  52  7:37  Dark Templar x2  
  60  7:54  Pylon  
  60  8:03  Pylon  
  60  8:24  Dark Templar x3  
  60  8:25  Stalker x2  
  68  8:33  Stalker x3  
  74  8:46  Blink  
  74  8:56  Pylon  
  74  9:01  Stalker x2  
  78  9:17  Stalker  
  78  9:18  Protoss Ground Weapons Level 3 (Chrono Boost), Stalker x3  
  78  9:19  Stalker  
  86  9:28  Phase Reactor  
  86  10:07  Dark Pylon  
  84  10:20  Dark Templar  
  84  10:21  Dark Templar x4  
  84  10:22  Dark Templar x3  
  99  11:08  Dark Templar  
  99  11:09  Dark Templar x4  
  109  11:17  Pylon  
  109  11:19  Pylon  
  109  11:20  Pylon  
  109  11:22  Pylon  
  109  11:33  Probe  
  110  11:56  Stalker  
  110  11:57  Stalker x4  
  110  11:58  Stalker x3  
  126  12:10  Pylon  
  126  12:20  Protoss Shields Level 1 (Chrono Boost)  
  126  12:21  Pylon  
  126  12:41  Dark Templar x2  
  126  12:42  Dark Templar x4  
  126  12:43  Dark Templar  
  138  13:28  Dark Templar x3  
  138  13:29  Dark Templar x4  
  152  13:30  Pylon  
  150  13:45  Pylon  
  144  13:57  Dark Pylon  
  144  14:03  Dark Templar  
  144  14:24  Dark Templar  
  144  14:25  Dark Templar x3  
  144  14:26  Dark Templar x3  
  154  15:04  Protoss Ground Armor Level 1 (Chrono Boost)  
  154  15:33  Dark Templar  
  154  15:34  Dark Templar x3  
  162  15:59  Pylon  
  160  17:02  Dark Templar x3  
  160  17:03  Dark Templar x3  
  160  17:04  Dark Templar x2  
  176  17:14  Protoss Shields Level 2 (Chrono Boost)  
  176  17:25  Probe  
  176  18:01  Stalker x3  
  181  18:14  Pylon  
  181  18:15  Pylon  
  181  18:16  Pylon  
  181  18:18  Pylon  
  181  18:19  Probe  
  170  18:41  Stalker  
  170  18:42  Stalker x3  
  170  18:43  Stalker x3  
  170  18:44  Stalker  
  182  19:18  Stalker x2  
  182  19:19  Stalker x3  
  186  19:40  Pylon  
  186  19:44  Pylon  
  186  20:02  Pylon  
  186  20:10  Dark Templar x4  
  186  20:11  Dark Templar x3  
  186  20:12  Dark Templar  
  186  20:18  Protoss Ground Armor Level 2 (Chrono Boost)  
  200  20:22  Pylon  
  194  20:35  Dark Pylon  
  178  21:23  Stalker  
  178  21:24  Stalker x3  
  178  21:25  Stalker  
  178  21:27  Dark Templar  
  178  21:28  Dark Templar x2  
  188  22:06  Dark Templar x3  
  188  22:07  Dark Templar  
  194  22:24  Dark Templar  
  194  22:25  Dark Templar x2  
  194  22:26  Dark Templar  
Show
View Real Time Build Order
Export as new Build Order

Requiem Terran 

Build Orders:  

Get SALT Encoding   

  12  1:17  Supply Depot  
Tags
 
Add a new tag
Caveats
  • Supply blocks, unpowered buildings, or Contaminate may cause inaccurate times.
  • Supply counts are checked every 10 seconds.